 Dungeon Crawl Stone Soup version 0.19-a0-1720-gc855d72 (webtiles) character file.

73 kae the Skirmisher (level 4, 0/37 HPs)
             Began as a Formicid Fighter on Sept 29, 2016.
             Slain by Grinder (4 damage)
             ... on level 3 of the Dungeon.
             The game lasted 00:00:43 (1305 turns).

kae the Skirmisher (Formicid Fighter)               Turns: 1305, Time: 00:00:44

Health: 0/37       AC:  7    Str: 22    XL:     4   Next: 51%
Magic:  4/4        EV:  8    Int:  7    God:
Gold:   154        SH:  9    Dex: 10    Spells: 0 memorised, 3 levels left

rFire  . . .     SeeInvis +     a - +0 long sword
rCold  . . .     Gourm    .     b - +0 scale mail
rNeg   . . .     Faith    .     c - +0 shield
rPois  .         Spirit   .     (helmet unavailable)
rElec  .         Dismiss  .     (no cloak)
rCorr  .         Reflect  .     (no gloves)
MR     .....     Harm     .     (no boots)
Stlth  ..........               (no amulet)
                                (no ring)
                                (no ring)

@: no status effects
A: permanent stasis, dig shafts and tunnels, four strong arms, antennae 3
a: Dig, Shaft Self


You were on level 3 of the Dungeon.
You were not hungry.

You visited 1 branch of the dungeon, and saw 3 of its levels.

You collected 154 gold pieces.

Inventory:

Hand Weapons
 a - a +0 long sword (weapon)
Armour
 b - a +0 scale mail (worn)
 c - a +0 shield (worn)
Jewellery
 e - a cursed ring of teleportation {unknown}
 j - a cursed ring of loudness {unknown}
 l - a +5 ring of intelligence {unknown}
 o - an uncursed ring of poison resistance {unknown}
 p - an uncursed ring of see invisible {unknown}
Scrolls
 i - 4 scrolls of recharging {unknown}
 k - a scroll of random uselessness {unknown}
 n - a scroll of teleportation {unknown}
 q - a scroll of blinking {unknown}
 s - a scroll of identify {unknown}
Potions
 d - a potion of might
 h - a potion of mutation {unknown}
 t - a potion of degeneration {unknown}
Comestibles
 f - a bread ration
 g - 5 fruits
 m - 2 meat rations
 r - a chunk of flesh


   Skills:
 + Level 4.1 Fighting
 * Level 3.8 Long Blades
 - Level 3.2 Armour
 - Level 3.6 Shields


You had 3 spell levels left.
You didn't know any spells.

Dungeon Overview and Level Annotations

Branches:
Dungeon (3/15)

Altars:

Annotations:
D:3 Grinder


Innate Abilities, Weirdness & Mutations

You are under a permanent stasis effect.
You can dig through walls and to a lower floor.
Your four strong arms can wield two-handed weapons with a shield.
You have a pair of large antennae on your head. (SInv)


Message History

You block the bat's attack. The bat barely misses you.
You riposte.
You slash the bat!
You kill the bat!
Grinder misses you.
You riposte.
You barely miss Grinder.
Grinder is heavily wounded.
You slash Grinder!
Grinder is severely wounded.
Grinder gestures at you. Pain shoots through your body!
Your shield prevents you from hitting Grinder.
Grinder is severely wounded.
Grinder blinks!
You hit Grinder.
Grinder is almost dead.
Grinder hits you.
You writhe in agony.
* * * LOW HITPOINT WARNING * * *
Grinder hits you.
* * * LOW HITPOINT WARNING * * *
You writhe in agony.
You die...

##...........#
#............#
#..........>.#
#..#######.#.# #..
#.#.# .... #.#.#
###.# #.#.# #.
#.#(########
##.#@ยง.......
.#######..5#########
...............<..
########...#######
##.## #... #####


You could see Grinder.

Vanquished Creatures
  3 adders
  An ooze (D:2)
  A worm (D:2)
  3 dart slugs
  An orc (D:3)
  4 bats
  A giant cockroach (D:3)
  6 goblins
  6 hobgoblins
  3 frilled lizards (D:2)
  4 kobolds
  A rat (D:2)
34 creatures vanquished.

Notes
Turn   | Place    | Note
-------+----------+-------------------------------------------
     0 | D:1      | kae the Formicid Fighter began the quest for the Orb.
     0 | D:1      | Reached XP level 1. HP: 18/18 MP: 1/1
   167 | D:1      | Reached XP level 2. HP: 24/24 MP: 2/2
   464 | D:2      | Reached XP level 3. HP: 25/30 MP: 3/3
   974 | D:2      | Reached XP level 4. HP: 36/37 MP: 4/4
  1167 | D:3      | Reached skill level 4 in Fighting
  1282 | D:3      | Noticed Grinder
  1305 | D:3      | Slain by Grinder

Vault maps used:
D:1:      saegor_arrival_simple_e
D:2:      bh_walls_and_bars
D:3:      uniq_grinder

Skill      XL: |  1  2  3  4 |
---------------+-------------+-----
Long Blades    | 3 |  3.8
Fighting       | 4 |  4.1
Armour         | |  3.2
Shields        | |  3.6

Action                   |  1- 3 |  4- 6 || total
-------------------------+-------+-------++-------
Melee: Long sword        |    66 |    60 ||   126
  Eat: Chunk             |       |     1 ||     1
Armor: Scale mail        |    19 |    16 ||    35
Dodge: Dodged            |    14 |    22 ||    36
Block: Shield            |    36 |    18 ||    54
